AoeStats
← chrispratt99999

Arena

510636650Analyzed
1v1 RM · 14h ago on Oct 1, 2026· 40m 12s· 2 players
Game mode
Random Map
Map size
Tiny (2 player)
Population
200
Speed
Normal
Resources
Standard
Victory
Conquest
Starting age
Dark Age
Ending age
Imperial Age
RankedLock teamsTeams togetherTeam positionsShared explorationLock speedFull tech treeHidden civsTurbo modeCheats
Victory
Defeat
🇦🇷 Dravidians · Argentina
820
+44
🇲🇽 Lithuanians · Mexico
844
-17
chrispratt99999
11:18 Feudal Age
12:19 Double-Bit Axe
12:22 Horse Collar
15:07 Castle Age
16:13 Bow Saw
21:34 Heavy Plow
24:32 Stone Mining
25:05 Loom
25:56 Wheelbarrow
28:09 Hand Cart
27:41 Loom
27:42 Town Watch
30:29 Imperial Age
28:27 Fortified Wall
28:40 Town Patrol
31:29 Masonry
31:42 Ballistics
32:22 Chemistry
34:08 Two-Man Saw
33:03 Gold Mining
33:11 Guard Tower
33:17 Guard Tower
33:23 Murder Holes
33:21 Fletching
34:32 Arrowslits
35:11 Bombard Tower
38:28 Keep
37:17 Onager
37:18 Siege Elephant
37:58 Bodkin Arrow
38:56 Bracer
juanette
1:14 Loom
10:04 Feudal Age
15:26 Castle Age
13:44 Gold Mining
14:46 Double-Bit Axe
17:29 Scale Barding Armor
21:31 Atonement
23:14 Town Watch
31:59 Imperial Age
30:35 Redemption
33:41 Husbandry
Connection lost

Rejoining the realm…

Still unreachable

The connection could not be restored.

Session expired

The server has moved on; the page needs a fresh start.